 Dungeon Crawl Stone Soup version 0.30-a0-964-gd452b5e7fa (webtiles) character file.

Game seed: 14169590014160837393

432 vishdafish the Conjurer (level 6, 0/61 HPs)
             Began as a Demonspawn Conjurer on Mar 30, 2023.
             Slain by Edmund
             ... wielding a +3 heavy flail
              (7 damage)
             ... on level 6 of the Dungeon.
             The game lasted 00:07:15 (4326 turns).

vishdafish the Conjurer (Demonspawn Conjurer)       Turns: 4326, Time: 00:07:15

Health: 0/61       AC: 23    Str:  7    XL:     6   Next: 67%
Magic:  8/13       EV:  2    Int: 22    God:
Gold:   45         SH:  0    Dex: 11    Spells: 5/14 levels left

rFire   . . .      SeeInvis .    b - +0 mace
rCold   . . .      Faith    .    (no shield)
rNeg    . . .      Spirit   .    a - melded +0 robe
rPois   +          Reflect  .    (helmet currently unavailable)
rElec   .          Rampage  .    (cloak currently unavailable)
rCorr   .          NoTele   +    m - melded +0 pair of gloves
Will    .....                    (boots currently unavailable)
Stlth   +                        (no amulet)
HPRegen 0.30/turn                (no ring)
MPRegen 0.13/turn                (no ring)

@: tree-form, silenced, hasted, very quick
A: stationary, stasis, torment immunity, boosted hp, (thin metallic scales 1),
powered by death 1
a: no special abilities


You were on level 6 of the Dungeon.
You were a tree.
You visited 1 branch of the dungeon, and saw 7 of its levels.

You collected 195 gold pieces.
You spent 150 gold pieces at shops.

Inventory:

Hand Weapons
 b - a +0 mace (weapon)
 c - a +0 shortbow
Armour
 a - a +0 robe (melded)
 m - a +0 pair of gloves (melded)
Scrolls
 e - a scroll of fog {unknown}
 f - a scroll of silence
 g - a scroll of magic mapping {unknown}
 h - a scroll of enchant weapon {unknown}
 i - a scroll of immolation {unknown}
 n - a scroll of poison
 q - a scroll of noise {unknown}
Potions
 l - a potion of lignification


   Skills:
 - Level 1.7 Dodging
 - Level 1.7 Stealth
 + Level 4.9 Spellcasting
 + Level 6.3 Conjurations


You had 5 spell levels left.
You knew the following spells:

 Your Spells              Type           Power      Damage    Failure   Level
a - Magic Dart            Conj           100%       1d8       1%          1
b - Fulminant Prism       Conj/Hex       9%         3d7       28%         4
c - Iskenderun's Mystic   Conj/Tloc      19%        2d6       28%         4

Your spell library contained the following spells:

 Spells                   Type           Power      Damage    Failure   Level
 Searing Ray              Conj           66%        2d6       1%          2
 Dazzling Flash           Conj/Hex       38%        N/A       9%          3
 Starburst                Conj/Fire      9%         6d5       99%         6


Dungeon Overview and Level Annotations

Branches:
Dungeon (8/15)
 Temple: D:4-7         Lair: D:8-11

Altars:
Makhleb
Sif Muna
Uskayaw

Shops:
D:3 ?   D:4 ?   D:7 (

Annotations:
D:6 Edmund
D:8 Grum


Innate Abilities, Weirdness & Mutations

You are a tree.
Your roots penetrate the ground, keeping you stationary.
You cannot be teleported.
You are immune to unholy pain and torment.
Your maximum health is greatly increased.
Your equipment is partially melded.
((You are partially covered in thin metallic scales. (AC +2)))
You regenerate a little health from kills.


Message History

The sky beast flickers out of sight!
Deactivating autopickup; reactivate with Ctrl-A.
Unknown command.
You sock Edmund!
Edmund is moderately wounded.
Edmund hits you but does no damage.
A kobold comes into view. It is wielding a +0 dagger.
A kobold comes into view. It is wielding a +0 short sword.
You hit Edmund but do no damage.
Edmund is moderately wounded.
Edmund hits you but does no damage.
You hit Edmund but do no damage.
Edmund is moderately wounded.
A kobold comes into view. It is wielding a +0 short sword.
A bullfrog comes into view.
You hit Edmund.
Edmund is moderately wounded.
Edmund hits you but does no damage.
You barely miss Edmund.
Edmund is moderately wounded.
You hit Edmund. Your punch misses Edmund.
Edmund is moderately wounded.
Edmund hits you but does no damage.
A sky beast appears from thin air!
Reactivating autopickup.
You barely miss Edmund.
Edmund is moderately wounded.
Edmund hits you but does no damage.
You barely miss Edmund.
Edmund is moderately wounded.
You hit Edmund.
Edmund is heavily wounded.
Edmund hits you with a +3 heavy flail!
* * * LOW HITPOINT WARNING * * *
You hit Edmund but do no damage.
Edmund is heavily wounded.
Okay, then.
You barely miss Edmund.
Edmund is heavily wounded.
Edmund hits you with a +3 heavy flail!
You die...

# #.##### #....♣#
####@##
###############Y###
..............KKK.#
............K.KF..#
...........K......#
........$............
...................$..
...###................


You could see Edmund, a sky beast, a kobold brigand, a bullfrog and 2 kobolds.

Vanquished Creatures
  2 centaurs (D:7)
  2 bullfrogs
  An orc priest (D:3)
  An adder (D:2)
  A shadow imp (D:4)
  3 worms (D:3)
  3 dart slugs
  8 orcs
  8 ball pythons
  A bat (D:1)
  13 endoplasms
  A giant cockroach (D:3)
  7 goblins
  7 hobgoblins
  3 jackals (D:3)
  6 kobolds
  8 quokkas
  4 frilled lizards
  4 rats
83 creatures vanquished.

Vanquished Creatures (others)
  6 plants (D:2)
6 creatures vanquished.

Grand Total: 89 creatures vanquished

Notes
Turn   | Place    | Note
-------+----------+-------------------------------------------
     0 | D:1      | vishdafish the Demonspawn Conjurer began the quest for the
                  | Orb.
     0 | D:1      | Reached XP level 1. HP: 13/13 MP: 3/3
   152 | D:1      | Gained mutation: You regenerate a little health from kills.
                  | [demonic ancestry]
   152 | D:1      | Reached XP level 2. HP: 16/19 MP: 3/5
  1382 | D:2      | Reached XP level 3. HP: 24/24 MP: 5/7
  1820 | D:3      | Found Viyf's Magic Scroll Boutique.
  1848 | D:3      | Bought a scroll of identify for 24 gold pieces
  1848 | D:3      | Bought a scroll of fear for 48 gold pieces
  1848 | D:3      | Bought a scroll of poison for 48 gold pieces
  2143 | D:3      | Gained mutation: You are partially covered in thin metallic
                  | scales. (AC +2) [demonic ancestry]
  2143 | D:3      | Reached XP level 4. HP: 30/30 MP: 3/8
  2153 | D:3      | Reached skill level 5 in Conjurations
  3534 | D:4      | Found Onuyt's Magic Scroll Shoppe.
  3538 | D:4      | Bought a scroll of teleportation for 30 gold pieces
  3549 | D:4      | Found a burning altar of Makhleb.
  3551 | D:4      | Noticed an ogre
  3553 | D:4      | Reached XP level 5. HP: 35/35 MP: 7/10
  3683 | D:4      | Found a shimmering blue altar of Sif Muna.
  3712 | D:4      | You fall into a shaft and drop 3 floors!
  3721 | D:7      | Found a hide-covered altar of Uskayaw.
  3729 | D:7      | Noticed a centaur
  3852 | D:8      | Noticed Grum
  3852 | D:8      | Noticed a wolf
  3852 | D:8      | Noticed a wolf
  3884 | D:7      | Noticed a centaur
  3893 | D:7      | Killed a centaur
  3894 | D:7      | Reached XP level 6. HP: 38/41 MP: 5/12
  3902 | D:7      | Reached skill level 6 in Conjurations
  4057 | D:7      | Found Zadothy's Antique Weapon Shop.
  4057 | D:7      | Noticed a steam dragon
  4072 | D:7      | HP: 1/41 [steam dragon/ball of steam (14)]
  4263 | D:7      | Learned a level 4 spell: Fulminant Prism
  4268 | D:7      | Learned a level 4 spell: Iskenderun's Mystic Blast
  4287 | D:6      | Noticed Edmund
  4305 | D:6      | Noticed a sky beast
  4326 | D:6      | Slain by Edmund

Illustrated notes

Levels and vault maps discovered:
D:1:      eino_arrival_water_cross, layout_basic
D:2:      layout_loops_ring, serial_bayou, serial_bayou_crossing,
          serial_bayou_pond_d, serial_bayou_pond_e, serial_bayou_ford_a,
          guppyfry_early_orc_mine
D:3:      layout_loops_ring, serial_shops, nicolae_shop_trees, nicolae_wormholes
D:4:      layout_rooms, okawaru_gym_becter, mainiacjoe_overflow_catwalk,
          amcnicky_altar_gilded, nicolae_dithmenos_shadow_blocks,
          marbit_many_paths, bloody_makhleb, serial_shops,
          nicolae_shop_statue_plus
D:6:      layout_basic, lightli_temple_of_fire, uniq_pikel, uniq_edmund
D:7:      layout_loops_ring, old_standard_altar, serial_shops, shop,
          kennysheep_mini_moat, nicolae_inconvenience_store,
          nicolae_stop_n_shop_1
D:8:      cheibrodos_elevator_heist, layout_gridville,
          mainiacjoe_overflow_alcove_1, gammafunk_ghost_arena,
          minmay_misc_feat_alley, minmay_misc_feat_tower, uniq_maurice,
          uniq_psyche, uniq_grum

Skill      XL: |  1  2  3  4  5  6 |
---------------+-------------------+-----
Spellcasting   | 3 4 |  4.9
Conjurations   | 5 6 |  6.3
Dodging        | |  1.7
Stealth        | |  1.7

Action                     |  1- 3 |  4- 6 || total
---------------------------+-------+-------++-------
  Melee: Unarmed           |    16 |       ||    16
         Mace              |    17 |    20 ||    37
   Cast: Magic Dart        |    95 |   100 ||   195
         Iskenderun's Myst |       |     2 ||     2
  Evoke: Wand              |       |     3 ||     3
    Use: Potion            |     1 |    11 ||    12
         Scroll            |       |     6 ||     6
   Stab: Sleeping          |     1 |       ||     1
 Armour: Robe              |     7 |    14 ||    21
         Skin              |       |     6 ||     6
  Dodge: Dodged            |    28 |    48 ||    76

Table legend: (Time is in decaauts)
 A = Elapsed time spent in this place.
 B = Non-inter-level travel time spent in this place.
 C = Inter-level travel time spent in this place.
 D = Time resting spent in this place.
 E = Time spent auto-exploring this place.
 F = Levels seen in this place.
 G = Mean time per level.
                   A        B        C        D        E       F      G
               +--------+--------+--------+--------+--------+-----+--------+
         Total |   4311 |   4209 |    102 |    146 |   3490 |   7 |  615.9 |
       Dungeon |   4311 |   4209 |    102 |    146 |   3490 |   7 |  615.9 |
               +--------+--------+--------+--------+--------+-----+--------+

Top non-repeatable levels by time:
     D:3: 1337 daAuts
     D:2: 1161 daAuts
     D:1: 1053 daAuts
     D:7: 381 daAuts
     D:4: 198 daAuts
     D:8: 139 daAuts
     D:6: 38 daAuts
